 Dungeon Crawl Stone Soup version 0.16-a0-3153-gb9b0e1b (console) character file.

135 Zermako the Insei (level 4, -2/30 HPs)
             Began as a Lacertilian Monk on Dec 19, 2014.
             Slain by Sigmund
             ... wielding a +0 scythe
              (9 damage)
             ... on level 3 of the Dungeon.
             The game lasted 00:04:55 (2175 turns).

Zermako the Insei (Lacertilian Monk)                Turns: 2175, Time: 00:04:55

Health: -2/30      AC:  9    Str: 11    XL:     4   Next: 96%
Magic:  3/3        EV: 10    Int: 10    God:
Gold:   127        SH:  0    Dex: 17    Spells: 0 memorised, 3 levels left

rFire  . . .     SeeInvis .       - Unarmed
rCold  . . .     Clarity  .     a - +0 scale mail
rNeg   . . .     SustAb   .     (no shield)
rPois  .         Gourm    .     (no helmet)
rElec  .         Spirit   .     (no cloak)
rCorr  .         Warding  .     (no gloves)
rMut   .         Stasis   .     (no boots)
MR     .....                    (no amulet)
Stlth  ++........               (no ring)
                                (no ring)

@: not resistant to hostile enchantments, unstealthy
A: strong connection with the divine, slimy green scales 2, camouflage 1
a: no special abilities


You were on level 3 of the Dungeon.
You were not hungry.

You visited 1 branch of the dungeon, and saw 3 of its levels.

You collected 127 gold pieces.

Inventory:

Armour
 a - a +0 scale mail (worn)
Jewellery
 h - an uncursed ring of protection from magic {unknown}
Scrolls
 d - a scroll of enchant armour {unknown}
 e - a scroll of fear
 l - a scroll of fog
 n - 6 scrolls of remove curse {unknown}
 o - a scroll of recharging
 p - a scroll of teleportation {unknown}
Potions
 c - a potion of beneficial mutation {unknown}
 g - a potion of cure mutation {unknown}
 i - a potion of poison {unknown}
 j - a potion of restore abilities {unknown}
 k - a potion of haste {unknown}
Books
 m - a book of Death

   Spells                             Type                      Level
   a - Corpse Rot                     Necromancy                   2
   b - Sublimation of Blood           Necromancy                   2
   c - Agony                          Necromancy                   5
   d - Dispel Undead                  Necromancy                   5
   e - Excruciating Wounds            Charms/Necromancy            5
   f - Bolt of Draining               Conjuration/Necromancy       5
Comestibles
 b - a bread ration
 f - a slice of pizza
 q - a royal jelly


   Skills:
 - Level 2.4 Fighting
 - Level 3.0 Dodging
 - Level 2.4 Stealth
 * Level 5.7 Unarmed Combat


You had 3 spell levels left.
You didn't know any spells.

Dungeon Overview and Level Annotations

Branches:
Dungeon (3/15)

Altars:

Annotations:
D:3 Sigmund


Innate Abilities, Weirdness & Mutations

You have a strong connection with the divine.
You may change religions without suffering divine wrath.
You are mostly covered in slimy green scales (AC +3).
Your skin changes colour to match your surroundings (Stealth).


Message History

You are too injured to fight recklessly!!!
Unknown command!
Sigmund mumbles some strange words!
Sigmund flickers and vanishes!!!
Deactivating autopickup; reactivate with Ctrl-A!
You completely miss the rat! The rat barely misses you!
You closely miss the rat! The rat barely misses you!
You closely miss the rat! The rat bites you but does no damage!
You squash the rat like an ant!
You annihilate the rat!!!
You beat the giant gecko but do no damage!
Your tail-slap misses the giant gecko!
The giant gecko bites you but does no damage!
Something hits you! * * * don't die
* * * You closely miss the giant gecko!
The giant gecko closely misses you!
You miss the giant gecko!
The giant gecko bites you but does no damage!
Something hits you!!! rip

#.....#####
##...## # ###
##.## .. ..# .#
.# #.. #.# .#
#.# #.# #.# #.#
#.# ##.# #.#
#.##.# #.#
#####.$.######.#
#.##.###<#
#..>....{l@....#
#........#
#.###...#####..#
#..#.###..
....... #..#
#..#.# ###
#......
#..###..#.# ###
#......
#.......#.# #..
..#...
##.###.##.###.#
.#>..
#........##...
#...
#............. #
#.###.#..##...


You could see a giant gecko.

Vanquished Creatures
  7 adders
  3 worms (D:2)
  A giant gecko (D:1)
  A ball python (D:1)
  2 giant cockroaches
  5 goblins (D:1)
  7 hobgoblins
  6 jackals
  3 bats
  4 giant newts
  5 kobolds
  15 rats
59 creatures vanquished.

Notes
Turn   | Place    | Note
--------------------------------------------------------------
     0 | D:1      | Zermako, the Lacertilian Monk, began the quest for the Orb.
     0 | D:1      | Reached XP level 1. HP: 15/15 MP: 1/1
   133 | D:1      | Reached skill level 4 in Unarmed Combat
   154 | D:1      | Reached XP level 2. HP: 18/20 MP: 2/2
   333 | D:1      | HP: 1/20 [goblin/club (5)]
   902 | D:2      | Reached XP level 3. HP: 21/25 MP: 3/3
  1225 | D:2      | Reached skill level 5 in Unarmed Combat
  1234 | D:2      | HP: 1/25 [worm (3)]
  1274 | D:2      | HP: 1/25 [hobgoblin (2)]
  1506 | D:2      | Reached XP level 4. HP: 24/30 MP: 3/3
  2153 | D:3      | Noticed Sigmund
  2175 | D:3      | Slain by Sigmund

Action                   |  1- 3 |  4- 6 || total
-------------------------+-------+-------++-------
Melee: Unarmed           |   127 |    99 ||   226
  Use: Scroll            |     4 |       ||     4
 Stab: Sleeping          |    10 |     1 ||    11
       Distracted        |     1 |       ||     1
  Eat: Bread ration      |       |     1 ||     1
